[Event "Titled Tuesday Blitz June 6 Early 2023"]
[White "Atakhan, Abtin"]
[Black "Aarav Dengla"]
[WhiteFideId "22502203"]
[BlackFideId "45059756"]
[WhiteElo "2008"]
[BlackElo "2288"]
[Result "0-1"]
[Round "6"]
[TimeControl "180+2"]
[Date "2023.06.06"]
[WhiteClock "0:00:02"]
[BlackClock "0:00:17"]
[Board "85"]

1. Nf3 d5 2. e3 Nf6 3. c4 c6 4. d4 Bf5 5. Nc3 e6 6. Nh4 Be4 7. f3 Bg6 8. Qb3 Qb6 9. c5 Qc7 10. Bd2 Nbd7 11. Rc1 Be7 12. g3 Nh5 13. Nxg6 hxg6 14. Bg2 e5 15. Ne2 Bg5 16. dxe5 Be7 17. g4 Nxc5 18. Qc3 Na4 19. Qd4 Nb6 20. gxh5 Rxh5 21. f4 Nc4 22. Ng3 Rh4 23. b3 Nxd2 24. Qxd2 O-O-O 25. Nf1 Qb6 26. Qf2 d4 27. e4 Rhh8 28. Ng3 Bb4+ 29. Ke2 Qa6+ 30. Kf3 Qd3+ 31. Kg4 f5+ 32. exf6 gxf6 33. h4 f5+ 34. exf5 gxf5+ 35. Kh3 Be7 36. Bf3 Rxh4+ 37. Kg2 Rg8 38. Qe2 Qxe2+ 39. Bxe2 Rxf4 40. Bc4 Rg7 41. Be6+ Kc7 42. Rh3 Bh4 43. Rf1 Rxf1 44. Kxf1 Bxg3 45. Bxf5 Rf7 46. Rh5 d3 47. Kg2 Rxf5 48. Rxf5 d2 49. Rf1 Be1 50. Rf7+ Kd8 51. Rf8+ Ke7 0-1


[Site "https://www.chess.com"]

[Event "Titled Tuesday Blitz June 6 Early 2023"]
[White "Kukhmazov, Arsen"]
[Black "Estrada Nieto, Julian"]
[WhiteFideId "24108260"]
[BlackFideId "5101018"]
[WhiteElo "2396"]
[BlackElo "2161"]
[Result "1-0"]
[Round "6"]
[TimeControl "180+2"]
[Date "2023.06.06"]
[WhiteClock "0:00:37"]
[BlackClock "0:00:01"]
[Board "86"]

1. d4 d5 2. c4 dxc4 3. e3 Nf6 4. Bxc4 e6 5. Ne2 c5 6. O-O a6 7. b3 Nc6 8. Bb2 b5 9. Bd3 Nb4 10. Bc2 Bb7 11. Nbc3 Nxc2 12. Qxc2 Rc8 13. dxc5 Bxc5 14. Rfd1 Qe7 15. Qd2 O-O 16. Qe1 Rfd8 17. Nf4 Rxd1 18. Rxd1 Rd8 19. Nd3 Ba3 20. Ba1 h6 21. h3 Bd6 22. Ne2 Ne4 23. Ne5 Qg5 24. Nf3 Qe7 25. Ned4 Bb4 26. Qf1 Ng5 27. Qe2 Nxf3+ 28. Nxf3 Rxd1+ 29. Qxd1 Qd6 30. Qe2 Be4 31. Bd4 Qc6 32. Ne5 Qc1+ 33. Kh2 Qe1 34. Qg4 Bf5 35. Qg3 f6 36. Nf3 Qd1 37. Bxf6 Bf8 38. Be5 Bb1 39. Nd4 Kf7 40. Qf4+ Ke7 41. Bd6+ Kd7 42. Qxf8 1-0


[Site "https://www.chess.com"]

[Event "Titled Tuesday Blitz June 6 Early 2023"]
[White "Kokoszczynski, Jan"]
[Black "splendidkid"]
[WhiteFideId "1174460"]
[WhiteElo "2139"]
[BlackElo "2747"]
[Result "0-1"]
[Round "6"]
[TimeControl "180+2"]
[Date "2023.06.06"]
[WhiteClock "0:00:14"]
[BlackClock "0:01:08"]
[Board "87"]

1. e4 c5 2. Nf3 d6 3. d4 cxd4 4. Nxd4 Nf6 5. Nc3 a6 6. g3 e6 7. Bg2 Be7 8. O-O Qc7 9. Be3 Nbd7 10. f4 h5 11. h3 Rb8 12. a4 b6 13. Qd2 Bb7 14. Rad1 Rc8 15. Nb3 Qb8 16. Rfe1 Qa8 17. Qd3 O-O 18. Bf2 Rfd8 19. Rd2 Rc7 20. Red1 Rdc8 21. Re1 Rc4 22. Bd4 e5 23. Bf2 h4 24. Nd5 Nxd5 25. exd5 hxg3 26. Bxg3 Bf6 27. fxe5 Bxe5 28. Bxe5 Nxe5 29. Qf5 Rxa4 30. c3 b5 31. Kh1 b4 32. Be4 g6 33. Qf6 bxc3 34. bxc3 Rxe4 35. Rxe4 Bxd5 36. Qxd6 Bxe4+ 0-1


[Site "https://www.chess.com"]

[Event "Titled Tuesday Blitz June 6 Early 2023"]
[White "Orlov, Georgi"]
[Black "i_like_explosions"]
[WhiteFideId "2011271"]
[WhiteElo "2630"]
[BlackElo "2461"]
[Result "1-0"]
[Round "6"]
[TimeControl "180+2"]
[Date "2023.06.06"]
[WhiteClock "0:00:18"]
[BlackClock "0:00:02"]
[Board "89"]

1. d4 Nf6 2. Nf3 e6 3. c4 Bb4+ 4. Bd2 Be7 5. Nc3 d5 6. Bg5 O-O 7. e3 c6 8. Qc2 Nbd7 9. cxd5 exd5 10. Bd3 Re8 11. O-O Nf8 12. h3 Ng6 13. Bxf6 Bxf6 14. b4 a6 15. a4 Bd7 16. b5 axb5 17. axb5 Qb6 18. Rab1 Qa5 19. Rb3 Rec8 20. bxc6 bxc6 21. Bf5 Bxf5 22. Qxf5 Ne7 23. Qd3 c5 24. dxc5 Qxc5 25. Nb5 Rab8 26. Rfb1 Qc4 27. Qd1 Qc5 28. Nbd4 Rxb3 29. Qxb3 g6 30. Qb7 Qc7 31. Qb3 Qc4 32. Qb6 Kg7 33. Qa7 Qc7 34. Rb7 Qc1+ 35. Kh2 Qc5 36. Rd7 Qxa7 37. Rxa7 Rb8 38. g4 h6 39. h4 Kf8 40. g5 hxg5 41. hxg5 Bxd4 42. Nxd4 Rb2 43. Kg3 Rb1 44. Kf4 Rf1 45. f3 Rg1 46. Ke5 Ng8 47. f4 Kg7 48. Ne6+ Kh8 49. Rxf7 Re1 50. Nf8 Rxe3+ 51. Kd4 Rf3 52. Nxg6# 1-0


[Site "https://www.chess.com"]

[Event "Titled Tuesday Blitz June 6 Early 2023"]
[White "Garcia Jimenez, Francisco Javier"]
[Black "Perez, Maximiliano"]
[WhiteFideId "2231590"]
[BlackFideId "117234"]
[WhiteElo "2246"]
[BlackElo "2334"]
[Result "0-1"]
[Round "6"]
[TimeControl "180+2"]
[Date "2023.06.06"]
[WhiteClock "0:00:06"]
[BlackClock "0:00:18"]
[Board "90"]

1. e4 c5 2. Nc3 Nc6 3. g3 g6 4. Bg2 Bg7 5. d3 d6 6. Be3 e5 7. Qd2 h5 8. h3 Nge7 9. Bg5 f6 10. Be3 Nd4 11. Nge2 Be6 12. f4 Qd7 13. Nd5 O-O-O 14. Nec3 Bxd5 15. Nxd5 Nxd5 16. exd5 f5 17. c3 Rhe8 18. fxe5 Bxe5 19. O-O Nb5 20. Bg5 Bxg3 21. Bxd8 Qxd8 22. a4 Nc7 23. d4 c4 24. Rf3 f4 25. Rxf4 Qg5 26. Raf1 Bxf4 27. Qxf4 Qxf4 28. Rxf4 Re2 29. Rf2 Re1+ 30. Rf1 Rxf1+ 31. Kxf1 Kd7 32. h4 Ke7 33. Kf2 Kf6 34. Ke3 g5 35. Ke4 gxh4 36. Kf4 b6 37. Bf3 Kg6 38. Be4+ Kf6 39. Bf3 a6 40. Bxh5 Nxd5+ 41. Kg4 b5 42. axb5 axb5 43. Kxh4 b4 44. Be2 bxc3 45. bxc3 Nb6 46. Kg4 d5 47. Bd1 Nc8 48. Kf4 Nd6 49. Ke3 Ne4 50. Bf3 Nxc3 51. Kd2 Ne4+ 52. Bxe4 dxe4 53. Ke3 c3 54. d5 Ke5 0-1


[Site "https://www.chess.com"]

[Event "Titled Tuesday Blitz June 6 Early 2023"]
[White "Garcia Cuenca, Victor"]
[Black "Novikov, Evgenij"]
[WhiteFideId "2250829"]
[BlackFideId "4125380"]
[WhiteElo "2329"]
[BlackElo "2242"]
[Result "1/2-1/2"]
[Round "6"]
[TimeControl "180+2"]
[Date "2023.06.06"]
[WhiteClock "0:00:05"]
[BlackClock "0:00:03"]
[Board "91"]

1. Nf3 d6 2. b3 Nf6 3. Bb2 Nbd7 4. d4 g6 5. g3 Bg7 6. Bg2 O-O 7. O-O c6 8. Nbd2 Qc7 9. h3 a5 10. a4 b6 11. e4 e5 12. Re1 Ba6 13. dxe5 dxe5 14. Bf1 Bxf1 15. Kxf1 Rfe8 16. Nc4 h6 17. Qd6 Qxd6 18. Nxd6 Re6 19. Rad1 Ra7 20. Nc4 Ne8 21. Rd3 b5 22. Na3 bxa4 23. bxa4 Nc5 24. Rd8 Nxa4 25. Ba1 Kh7 26. Nc4 Bf6 27. Rb8 Nc5 28. Ncxe5 Rae7 29. Ng4 Bxa1 30. Rxa1 Nxe4 31. Rxa5 h5 32. Ngh2 Kg7 33. Nd4 Rd6 34. Nhf3 c5 35. Nb3 Rd1+ 36. Kg2 c4 37. Nbd4 c3 38. Raa8 N8f6 39. Rc8 Rd2 40. Nxd2 cxd2 41. Ra1 Nd5 42. Rd1 Rb7 43. Nf3 Ndc3 44. Rxc3 Nxc3 45. Rxd2 Rb2 46. Nd4 Ne4 47. Re2 f5 48. f3 Nc3 49. Re3 Nd5 50. Re5 Nb4 51. Rb5 Nd3 52. Rxb2 Nxb2 53. f4 Kf6 54. Kf2 g5 55. fxg5+ Kxg5 56. Ne6+ Kf6 57. Nf4 Kg5 58. Kf3 h4 59. Ne6+ Kf6 60. Nd4 hxg3 61. Kxg3 Nc4 62. h4 Ke5 63. Nxf5 Kxf5 64. h5 Ne3 65. h6 Kg6 66. Kf3 Nxc2 67. Ke4 Kxh6 1/2-1/2


[Site "https://www.chess.com"]

[Event "Titled Tuesday Blitz June 6 Early 2023"]
[White "Principe, Alexander"]
[Black "Gontcharov, Vladislav"]
[WhiteFideId "3804542"]
[BlackFideId "4123492"]
[WhiteElo "2203"]
[BlackElo "2420"]
[Result "0-1"]
[Round "6"]
[TimeControl "180+2"]
[Date "2023.06.06"]
[WhiteClock "0:00:11"]
[BlackClock "0:00:06"]
[Board "92"]

1. e4 e6 2. d4 d5 3. Nc3 Bb4 4. e5 c5 5. Bd2 cxd4 6. Nb5 Bf8 7. f4 Nc6 8. Nf3 Qb6 9. a4 a5 10. Bd3 f5 11. exf6 Nxf6 12. Qe2 Be7 13. O-O-O O-O 14. Kb1 Bd7 15. Rhg1 Bb4 16. Bc1 Rae8 17. g4 Bc5 18. g5 Ne4 19. Bxe4 dxe4 20. Qxe4 Nb4 21. Ne5 Bxb5 22. axb5 Qxb5 23. Rg3 Rf5 24. g6 h6 25. Nf7 Qc4 26. b3 Qd5 27. Qe2 a4 28. Qb5 Ra8 29. Bb2 axb3 30. Rxb3 d3 31. Rxb4 Bxb4 32. Qxb4 dxc2+ 33. Kxc2 Rc8+ 34. Bc3 Qa2+ 35. Qb2 Qa4+ 36. Qb3 Qe4+ 37. Kb2 Rxf4 38. Rd2 Qc6 39. Nd6 Rcf8 40. Qxe6+ Kh8 41. Nf7+ R4xf7 42. gxf7 Qxe6 43. Rg2 Qxf7 44. Kc2 Kh7 45. Rd2 g5 46. Kb2 Kg6 47. Rc2 Kh5 48. Bd2 Qg6 49. h4 Qxc2+ 50. Kxc2 Rf5 51. Kd3 gxh4 52. Ke4 Rg5 0-1


[Site "https://www.chess.com"]

[Event "Titled Tuesday Blitz June 6 Early 2023"]
[White "Ansh M Shah"]
[Black "Shohat, Yotam"]
[WhiteFideId "25033379"]
[BlackFideId "2813955"]
[WhiteElo "2084"]
[BlackElo "2226"]
[Result "0-1"]
[Round "6"]
[TimeControl "180+2"]
[Date "2023.06.06"]
[WhiteClock "0:00:01"]
[BlackClock "0:02:20"]
[Board "93"]

1. d4 e6 2. c4 Nf6 3. g3 d5 4. Bg2 dxc4 5. Nf3 a6 6. O-O Nc6 7. Nc3 Rb8 8. e4 b5 9. d5 exd5 10. exd5 Nb4 11. Ne5 Bb7 12. a3 Nbxd5 13. Nxd5 Bxd5 14. Nc6 Bxc6 15. Bxc6+ Nd7 16. Re1+ Be7 17. Bg5 f6 18. Qh5+ g6 19. Qh6 Kf7 20. Bd5+ Ke8 21. Qg7 Rf8 22. Qxh7 Ne5 23. Rxe5 Rb6 24. Qxg6+ Kd7 25. Qf5+ Ke8 26. Qg6+ Kd7 0-1


[Site "https://www.chess.com"]

[Event "Titled Tuesday Blitz June 6 Early 2023"]
[White "Makhmudov, Shukhrat"]
[Black "Malyi, Viacheslav"]
[WhiteFideId "14200775"]
[BlackFideId "14123983"]
[WhiteElo "2135"]
[BlackElo "2291"]
[Result "0-1"]
[Round "6"]
[TimeControl "180+2"]
[Date "2023.06.06"]
[WhiteClock "0:01:07"]
[BlackClock "0:01:49"]
[Board "94"]

1. e4 e5 2. Nf3 Nc6 3. Bb5 a6 4. Ba4 Nf6 5. O-O Be7 6. Bxc6 dxc6 7. d3 Nd7 8. Nbd2 c5 9. Nc4 f6 10. Nh4 O-O 11. Nf5 Nb6 12. Nxb6 cxb6 13. Ne3 Be6 14. a4 b5 15. axb5 axb5 16. Rxa8 Qxa8 17. b3 Rd8 18. Qe2 Qa2 19. Bd2 Qb2 20. Rc1 Qd4 21. Qe1 b4 22. Ra1 b5 23. h3 c4 24. bxc4 bxc4 25. Bxb4 Bxb4 26. c3 Bxc3 0-1


[Site "https://www.chess.com"]

[Event "Titled Tuesday Blitz June 6 Early 2023"]
[White "MKlose11"]
[Black "Rangel, Daniel"]
[BlackFideId "2124475"]
[WhiteElo "2549"]
[BlackElo "2231"]
[Result "1-0"]
[Round "6"]
[TimeControl "180+2"]
[Date "2023.06.06"]
[WhiteClock "0:01:10"]
[BlackClock "0:00:38"]
[Board "95"]

1. e4 c5 2. Nc3 g6 3. d3 Bg7 4. g3 Nc6 5. Be3 d6 6. Qd2 e6 7. Bg2 Nge7 8. Bh6 Bxh6 9. Qxh6 Nd4 10. Qd2 Nec6 11. Nd1 Qa5 12. Qxa5 Nxa5 13. Ne3 b6 14. c3 Ndc6 15. Ne2 Ba6 16. Rd1 Ne5 17. Nc1 O-O-O 18. f4 Nec6 19. f5 gxf5 20. exf5 d5 21. fxe6 fxe6 22. O-O Kc7 23. Rfe1 Rhe8 24. a3 d4 25. Ng4 dxc3 26. bxc3 Rd6 27. Be4 Re7 28. Ne2 h5 29. Nf6 Ne5 30. Nf4 h4 31. gxh4 Rf7 32. Ne8+ Kd7 33. Nxd6 Kxd6 34. Rf1 Ng4 35. Ng2 Rg7 36. h5 Nc6 37. h3 Nge5 38. h6 Rg5 39. h7 Rh5 40. Rf8 Rxh3 41. h8=Q Rxh8 42. Rxh8 1-0


[Site "https://www.chess.com"]

[Event "Titled Tuesday Blitz June 6 Early 2023"]
[White "Topalov, Aleksandar"]
[Black "Omelja, Artem"]
[WhiteFideId "925659"]
[BlackFideId "14119846"]
[WhiteElo "2151"]
[BlackElo "2404"]
[Result "0-1"]
[Round "6"]
[TimeControl "180+2"]
[Date "2023.06.06"]
[WhiteClock "0:01:05"]
[BlackClock "0:01:44"]
[Board "96"]

1. b3 d6 2. Bb2 e5 3. d4 Nd7 4. c4 g6 5. Nc3 Bg7 6. e3 f5 7. Nge2 Ngf6 8. g3 O-O 9. Bg2 e4 10. Nf4 g5 11. Nfe2 c6 12. Qc2 Qe7 13. O-O-O a6 14. h4 h6 15. hxg5 hxg5 16. Kb1 b5 17. d5 c5 18. cxb5 axb5 19. Nxb5 Ba6 20. Nc7 Bd3 21. Rxd3 exd3 22. Qxd3 Ne5 23. Qxf5 Qxc7 24. Bxe5 dxe5 25. d6 Qxd6 26. Bxa8 Rxa8 27. Nc3 Qd7 28. Qxg5 Qd3+ 0-1


[Site "https://www.chess.com"]

[Event "Titled Tuesday Blitz June 6 Early 2023"]
[White "Chylewski, Patryk"]
[Black "LeoLV10"]
[WhiteFideId "1186191"]
[WhiteElo "2163"]
[BlackElo "2420"]
[Result "1-0"]
[Round "6"]
[TimeControl "180+2"]
[Date "2023.06.06"]
[WhiteClock "0:01:47"]
[BlackClock "0:01:59"]
[Board "97"]

1. e4 c6 2. Nf3 d5 3. d3 dxe4 4. dxe4 Qxd1+ 5. Kxd1 Bg4 6. Be2 Nd7 7. Nfd2 Bxe2+ 8. Kxe2 Nc5 9. f3 O-O-O 10. Nc4 e6 11. Be3 b6 12. Nbd2 Nf6 13. Nb3 Nxb3 14. axb3 Kb7 15. Rxa7+ Kxa7 16. Bxb6+ Kb7 17. Bxd8 Bc5 18. Bxf6 gxf6 19. Rd1 Kc7 20. c3 Rg8 21. g3 Ra8 22. b4 Be7 23. f4 h5 24. Ne3 Ra2 25. Rd2 Ra1 26. Kf3 Rh1 27. Kg2 Re1 28. Kf3 Rh1 29. Rf2 Rb1 30. h3 Rh1 31. Nf1 h4 32. Kg2 hxg3 33. Re2 Rxf1 34. Kxf1 Bd6 35. e5 fxe5 36. fxe5 Be7 37. Kg2 Bh4 38. Re4 Bg5 39. Kxg3 Bc1 40. Re2 Bg5 41. Kg4 1-0


[Site "https://www.chess.com"]

[Event "Titled Tuesday Blitz June 6 Early 2023"]
[White "Sharapov, Evgeny"]
[Black "Koridze, Lile"]
[WhiteFideId "14103133"]
[BlackFideId "13612514"]
[WhiteElo "2367"]
[BlackElo "2047"]
[Result "1-0"]
[Round "6"]
[TimeControl "180+2"]
[Date "2023.06.06"]
[WhiteClock "0:00:19"]
[BlackClock "0:00:07"]
[Board "98"]

1. e4 c5 2. Nf3 d6 3. d4 cxd4 4. Nxd4 Nf6 5. Nc3 a6 6. g3 e5 7. Nb3 Be7 8. Bg2 O-O 9. O-O Be6 10. a4 Nbd7 11. Re1 Qc7 12. Nd2 Rab8 13. a5 Nc5 14. Nf1 Rfd8 15. Ne3 Qc6 16. Ned5 Bxd5 17. Nxd5 Nxd5 18. exd5 Qc7 19. c4 b6 20. axb6 Qxb6 21. Ra3 f5 22. Qc2 e4 23. Kh1 Nd3 24. Re2 Bf6 25. b3 Bd4 26. Be3 Bxe3 27. fxe3 Qb4 28. Rxa6 Qxb3 29. Qxb3 Rxb3 30. h4 Rc3 31. h5 Rxc4 32. Bh3 g6 33. h6 Rc5 34. g4 fxg4 35. Bxg4 Kf7 36. Be6+ Kf6 37. Ra7 Rf8 38. Rxh7 Kg5 39. Rg2+ Kh5 40. Rg7 Kxh6 41. R2xg6+ Kh5 42. Rg5+ Kh6 43. R7g6+ Kh7 44. Bg8+ Rxg8 45. Rxg8 Rc1+ 46. Kh2 Rc2+ 47. Kg3 Ne1 48. R8g7+ Kh8 49. R7g6 Rg2+ 50. Kf4 Rf2+ 51. Kxe4 Nf3 52. Rh5# 1-0


[Site "https://www.chess.com"]

[Event "Titled Tuesday Blitz June 6 Early 2023"]
[White "Lopez Idarraga, Daniel Eduardo"]
[Black "Baches Garcia, Guillermo"]
[WhiteFideId "4405501"]
[BlackFideId "2209764"]
[WhiteElo "1980"]
[BlackElo "2511"]
[Result "0-1"]
[Round "6"]
[TimeControl "180+2"]
[Date "2023.06.06"]
[WhiteClock "0:00:35"]
[BlackClock "0:00:26"]
[Board "99"]

1. d4 d5 2. Bf4 c5 3. e3 cxd4 4. exd4 Nc6 5. c3 Bf5 6. Nd2 f6 7. Ngf3 Qd7 8. Bb5 g5 9. Bg3 h5 10. h3 e6 11. Qa4 Bd6 12. Bxd6 Qxd6 13. Nb3 Ne7 14. Nc5 b6 15. Nd3 a6 16. Nb4 Rc8 17. Qxa6 Kf7 18. Nxc6 Nxc6 19. Qxb6 Be4 20. O-O Bxf3 21. gxf3 g4 22. Qc5 Qf4 23. Bxc6 gxh3 24. Qa7+ Rc7 0-1


[Site "https://www.chess.com"]

[Event "Titled Tuesday Blitz June 6 Early 2023"]
[White "Devaev, Alexander"]
[Black "Rosenberg, Evan S"]
[WhiteFideId "4169395"]
[BlackFideId "2019299"]
[WhiteElo "2172"]
[BlackElo "2352"]
[Result "1-0"]
[Round "6"]
[TimeControl "180+2"]
[Date "2023.06.06"]
[WhiteClock "0:00:09"]
[BlackClock "0:00:01"]
[Board "100"]

1. Nf3 d5 2. c4 d4 3. d3 Nc6 4. e3 e5 5. Be2 Bb4+ 6. Bd2 a5 7. O-O Nf6 8. exd4 exd4 9. Bg5 h6 10. Bh4 O-O 11. Na3 Bg4 12. h3 Bxf3 13. Bxf3 Re8 14. Nb5 a4 15. Bg3 Re7 16. a3 Bc5 17. Re1 Bb6 18. Qd2 Ba5 19. Rxe7 Bxd2 20. Rxc7 Na5 21. Rd1 Bg5 22. h4 Ne8 23. hxg5 Nxc7 24. Nxc7 Rc8 25. Nb5 Qxg5 26. Nxd4 h5 27. Be4 h4 28. Nf3 Qf6 29. Be5 Qh6 30. Nd4 Rd8 31. Nf5 Qh5 32. Re1 f6 33. Bc7 Ra8 34. Ne7+ Kh8 35. Ng6+ Kg8 36. d4 Nc6 37. d5 Ne5 38. Nxe5 fxe5 39. d6 h3 40. Bxb7 Rf8 41. Bd5+ Kh8 42. d7 h2+ 43. Kh1 Qh4 44. g3 Qe7 45. d8=Q Rxd8 46. Bxd8 Qxd8 47. Rxe5 g6 48. Kxh2 Qf6 49. Re2 Qg5 50. Kg2 Qh5 51. Re4 Qd1 52. Re8+ Kg7 53. Ra8 Qd2 54. Rxa4 Qxb2 55. Ra7+ Kf6 56. a4 Qd4 57. Ra6+ Kg5 58. Re6 Qc5 59. Re5+ Kh6 60. Re2 Qa3 61. Re8 Qxa4 62. Rh8+ Kg7 63. Ra8 Qc2 64. Ra7+ Kf6 65. Ra6+ Kg7 66. Ra7+ Kf6 67. Rd7 Qc3 68. Rd6+ Kg7 69. Re6 Qb4 70. Re3 Qc5 71. Rf3 Qd4 72. Rf7+ Kh6 73. Rf4 Qe5 74. Rh4+ Kg7 75. Rf4 Kh6 76. Re4 Qd6 77. Re6 Qc5 78. Be4 Kg7 79. Rxg6+ Kf7 80. Rg4 Kf6 81. Bd5 1-0


[Site "https://www.chess.com"]

[Event "Titled Tuesday Blitz June 6 Early 2023"]
[White "Rosh Jain"]
[Black "Goffredo_Fofi"]
[WhiteFideId "25789465"]
[WhiteElo "2233"]
[BlackElo "2482"]
[Result "0-1"]
[Round "6"]
[TimeControl "180+2"]
[Date "2023.06.06"]
[WhiteClock "0:00:04"]
[BlackClock "0:00:45"]
[Board "101"]

1. e4 Nf6 2. Nc3 e5 3. Nf3 Nc6 4. Bc4 Nxe4 5. Nxe4 d5 6. Bxd5 Qxd5 7. Nc3 Qd6 8. O-O Bg4 9. h3 Bh5 10. Nb5 Qd7 11. d3 O-O-O 12. Be3 a6 13. Nc3 Re8 14. g4 Bg6 15. d4 exd4 16. Nxd4 h5 17. Nxc6 Qxc6 18. g5 Bf5 19. Qd5 Qxd5 20. Nxd5 Bxh3 21. Rfd1 Bd6 22. c4 Bg4 23. Rd2 Bf3 24. c5 Be5 25. Rc1 h4 0-1


[Site "https://www.chess.com"]

[Event "Titled Tuesday Blitz June 6 Early 2023"]
[White "Lehtosaari, Mauri"]
[Black "MunichMouse"]
[WhiteFideId "501999"]
[WhiteElo "2476"]
[BlackElo "2286"]
[Result "1-0"]
[Round "6"]
[TimeControl "180+2"]
[Date "2023.06.06"]
[WhiteClock "0:00:03"]
[BlackClock "0:00:03"]
[Board "102"]

1. d4 Nf6 2. Nf3 g6 3. Bg5 Bg7 4. Nbd2 d5 5. e3 h6 6. Bxf6 Bxf6 7. c4 c6 8. cxd5 cxd5 9. Qb3 O-O 10. Bd3 Nc6 11. O-O Kh7 12. a3 Re8 13. Rac1 a6 14. Qa2 e5 15. dxe5 Nxe5 16. Nxe5 Bxe5 17. Nf3 Bg7 18. Rfd1 Bg4 19. Be2 Qb6 20. b4 Bxf3 21. Bxf3 d4 22. Qxf7 dxe3 23. fxe3 Qxe3+ 24. Kh1 Rad8 25. Rf1 Re7 26. Qc4 Qxa3 27. Be4 Qe3 28. Rce1 Qg5 29. Qc2 Rd6 30. Re2 Rde6 31. Rfe1 Be5 32. g3 Qh5 33. Qd3 Kg7 34. Bg2 Qf5 35. Qxf5 gxf5 36. Bh3 Kf6 37. Rf1 f4 38. gxf4 Bd4 39. Bxe6 Rxe6 40. Rd2 Re4 41. Rc2 Bb6 42. Rb2 Kf5 43. b5 h5 44. bxa6 Bd4 45. axb7 Bxb2 46. b8=Q Re2 47. Qf8+ Ke4 48. Qe7+ Kd3 49. Qd7+ Bd4 50. Qb5+ Ke3 51. Qxh5 Rd2 52. Qf3# 1-0


[Site "https://www.chess.com"]

[Event "Titled Tuesday Blitz June 6 Early 2023"]
[White "Zaitsev, Alexander"]
[Black "Amitpal, Singh"]
[WhiteFideId "4164490"]
[BlackFideId "5012899"]
[WhiteElo "2373"]
[BlackElo "2107"]
[Result "1-0"]
[Round "6"]
[TimeControl "180+2"]
[Date "2023.06.06"]
[WhiteClock "0:00:49"]
[BlackClock "0:00:57"]
[Board "103"]

1. e4 c5 2. Nf3 d6 3. d4 cxd4 4. Qxd4 Nf6 5. Nc3 a6 6. Bg5 Nc6 7. Qe3 Qa5 8. Bxf6 gxf6 9. Bc4 h5 10. O-O h4 11. h3 Rg8 12. Kh1 Qh5 13. Nd5 Rb8 14. Qf4 Bh6 15. Qxh4 Qxh4 16. Nxh4 b5 17. Bb3 Kf8 18. Nf3 Ne5 19. Nxe5 fxe5 20. f4 Be6 21. fxe5 dxe5 22. Nc7 Bxb3 23. axb3 Rb6 24. Rxa6 Rxa6 25. Nxa6 Rg6 26. Nc5 Rc6 27. b4 Bd2 28. c3 Be3 29. Nd7+ 1-0


[Site "https://www.chess.com"]

[Event "Titled Tuesday Blitz June 6 Early 2023"]
[White "Sanhueza, Cristian"]
[Black "Fier, Alexandr"]
[WhiteFideId "116815"]
[BlackFideId "2107139"]
[WhiteElo "2174"]
[BlackElo "2610"]
[Result "0-1"]
[Round "6"]
[TimeControl "180+2"]
[Date "2023.06.06"]
[WhiteClock "0:00:01"]
[BlackClock "0:01:22"]
[Board "104"]

1. e4 d5 2. exd5 Nf6 3. c4 e6 4. dxe6 Bxe6 5. Be2 c5 6. Nf3 Nc6 7. O-O Qc7 8. Nc3 O-O-O 9. Qa4 a6 10. d3 Bd6 11. Bg5 h6 12. Bxf6 gxf6 13. Nd5 Bxd5 14. cxd5 Ne5 15. d4 Nxf3+ 16. Bxf3 Bxh2+ 17. Kh1 Qf4 18. Rac1 Qh4 19. Bg4+ Qxg4 20. Kxh2 Rxd5 21. Rfe1 Rg8 22. Re8+ Rd8 23. Rxc5+ Kb8 24. Rxd8+ Rxd8 25. Rc4 b5 26. Qa5 Qf4+ 27. Kg1 Qd6 28. Rc6 Qxc6 29. Qxd8+ Kb7 30. Qe7+ Kb6 31. Qxf7 Qc1+ 32. Kh2 Qf4+ 33. Kg1 Qxd4 34. b3 Ka5 35. Qc7+ Kb4 36. Qe7+ Kc3 37. Qe6 a5 38. a4 bxa4 39. bxa4 Qxa4 40. Qxf6+ Qd4 41. Qxh6 a4 42. Qc1+ Kb3 43. g3 a3 44. Qb1+ Qb2 45. Qd3+ Qc3 46. Qb1+ Ka4 47. Qe4+ Kb5 48. Qd5+ Qc5 49. Qb3+ Ka5 50. Qa2 Qc1+ 51. Kg2 Kb4 52. g4 Qb2 53. Qd5 a2 54. Qb7+ Kc3 55. Qg7+ Kc2 56. Qg6+ Kd1 57. Qd6+ Qd2 58. Qa6 Qd5+ 59. f3 Qd2+ 60. Kg3 Ke1 61. Qe6+ Kf1 62. Qa6+ Qe2 0-1


[Site "https://www.chess.com"]

[Event "Titled Tuesday Blitz June 6 Early 2023"]
[White "Ibadov, Dashgyn"]
[Black "Herman, Daniel"]
[WhiteFideId "24107514"]
[BlackFideId "30935008"]
[WhiteElo "2208"]
[BlackElo "1897"]
[Result "1-0"]
[Round "6"]
[TimeControl "180+2"]
[Date "2023.06.06"]
[WhiteClock "0:01:25"]
[BlackClock "0:00:02"]
[Board "105"]

1. d4 Nf6 2. Nf3 g6 3. Bf4 Bg7 4. Nc3 d5 5. Nb5 Na6 6. e3 O-O 7. h3 c6 8. Nc3 c5 9. Bxa6 bxa6 10. Be5 cxd4 11. Qxd4 Qb6 12. O-O Qxb2 13. Nxd5 Qxd4 14. Nxe7+ Kh8 15. Nxd4 Re8 16. Nxc8 Raxc8 17. f4 Nd5 18. e4 Ne3 19. Rf2 Bxe5 20. fxe5 Rxe5 21. Re1 Rxe4 22. Rxf7 Rd8 23. Nf3 Rd1 24. Rxd1 Nxd1 25. Rxh7+ Kg8 26. Rxa7 Re2 27. Rxa6 Rxc2 28. Rxg6+ Kf7 29. Ne5+ Ke7 30. a4 Ra2 31. a5 Ne3 32. a6 1-0


[Site "https://www.chess.com"]

[Event "Titled Tuesday Blitz June 6 Early 2023"]
[White "Goryachkina, Aleksandra"]
[Black "Buchenau, Frank"]
[WhiteFideId "4147103"]
[BlackFideId "4604350"]
[WhiteElo "2471"]
[BlackElo "2157"]
[Result "1-0"]
[Round "6"]
[TimeControl "180+2"]
[Date "2023.06.06"]
[WhiteClock "0:00:26"]
[BlackClock "0:01:03"]
[Board "106"]

1. e4 e6 2. d4 d5 3. Nc3 Nf6 4. Bg5 dxe4 5. Nxe4 Be7 6. Bxf6 gxf6 7. Nf3 f5 8. Nc3 a6 9. g3 b5 10. Bg2 Bb7 11. O-O O-O 12. Qe2 c5 13. Rad1 Qc7 14. Rfe1 Bf6 15. d5 Bxc3 16. bxc3 Bxd5 17. Rxd5 exd5 18. Nh4 Nd7 19. Nxf5 Kh8 20. Bxd5 Rad8 21. Qe7 Qb6 22. Re6 Rde8 23. Qg5 Rg8 24. Rxe8 1-0


[Site "https://www.chess.com"]

[Event "Titled Tuesday Blitz June 6 Early 2023"]
[White "Belov, Alexei"]
[Black "Bochnicka, Vladimir"]
[WhiteFideId "4128206"]
[BlackFideId "14943450"]
[WhiteElo "2627"]
[BlackElo "2094"]
[Result "1-0"]
[Round "6"]
[TimeControl "180+2"]
[Date "2023.06.06"]
[WhiteClock "0:00:46"]
[BlackClock "0:00:15"]
[Board "107"]

1. e4 c5 2. Nf3 Nc6 3. d4 cxd4 4. Nxd4 e5 5. Nb5 d6 6. Bc4 Be7 7. O-O Nf6 8. Bg5 O-O 9. Bxf6 Bxf6 10. Nxd6 Nd4 11. Nxc8 Rxc8 12. Bd3 Qb6 13. Nc3 Qxb2 14. Nd5 Bg5 15. Qg4 Ne6 16. Rab1 Qxa2 17. Rxb7 a5 18. c3 a4 19. Bb5 Rb8 20. Rxb8 Rxb8 21. Bd7 Rb1 22. Bxe6 Rxf1+ 23. Kxf1 Qb1+ 24. Ke2 Qc2+ 25. Kf3 Qd3+ 26. Ne3 fxe6 27. Qxg5 a3 28. Qxe5 Kf7 29. Qc7+ Kf8 30. Qb8+ Ke7 31. Qa7+ 1-0


[Site "https://www.chess.com"]

[Event "Titled Tuesday Blitz June 6 Early 2023"]
[White "Chernobay, Artem"]
[Black "Yeritsyan, Hayk"]
[WhiteFideId "4167406"]
[BlackFideId "13307320"]
[WhiteElo "2474"]
[BlackElo "2427"]
[Result "0-1"]
[Round "6"]
[TimeControl "180+2"]
[Date "2023.06.06"]
[WhiteClock "0:00:02"]
[BlackClock "0:00:17"]
[Board "108"]

1. d4 Nf6 2. c4 e6 3. Nf3 d5 4. g3 Be7 5. Bg2 O-O 6. O-O dxc4 7. Qc2 a6 8. a4 Bd7 9. Qxc4 Bc6 10. Bf4 a5 11. Nc3 Na6 12. Rac1 Bd6 13. Bg5 Bb4 14. Qd3 h6 15. Bxf6 Qxf6 16. b3 Rad8 17. e4 Nc5 18. Qc2 Bxc3 19. e5 Qe7 20. Qxc3 Na6 21. Qxa5 Qb4 22. Qxb4 Nxb4 23. Rc4 Na6 24. Rd1 Bd5 25. Rc3 c6 26. Ne1 Bxg2 27. Kxg2 Nc7 28. Nc2 Rd7 29. Rc4 Rfd8 30. Kf3 Nd5 31. Ne3 Ne7 32. Ke4 f5+ 33. exf6 gxf6 34. Kf3 Kf7 35. Ke2 h5 36. f4 h4 37. g4 Ng6 38. f5 exf5 39. Nxf5 Re8+ 40. Kf3 Ne7 41. Nxh4 Nd5 42. Nf5 Rh8 43. Rc2 Rh3+ 44. Ng3 Re7 45. Re2 Rxe2 46. Kxe2 Nc3+ 47. Kd2 Nxd1 48. Kxd1 Rxh2 49. Ne4 Rb2 0-1


[Site "https://www.chess.com"]